 Dungeon Crawl Stone Soup version 0.29-a0-1052-g6990b1bffc (webtiles) character file.

Game seed: 6553558539898722759

1530 vineage the Fighter (level 8, -1/55 HPs)
             Began as a Gargoyle Fighter on Aug 17, 2022.
             Killed by divine providence
             ... invoked by an orc priest
              (8 damage)
             ... on level 6 of the Dungeon.
             The game lasted 00:04:56 (5146 turns).

vineage the Fighter (Gargoyle Fighter)              Turns: 5146, Time: 00:04:57

Health: -1/55      AC: 20    Str: 21    XL:     8   Next: 85%
Magic:  8/8        EV:  9    Int: 10    God:
Gold:   369        SH:  0    Dex:  9    Spells: 7/7 levels left

rFire   + . .      SeeInvis .   v - +2 dire flail (protect)
rCold   + . .      Faith    .   (shield currently unavailable)
rNeg    + + .      Spirit   .   b - +0 scale mail
rPois   ∞          Reflect  .   (no helmet)
rElec   +          Harm     .   e - scarf {rC+ rF+}
rCorr   .          Rampage  .   (no gloves)
Will    .....                   (no boots)
Stlth   ..........              h - amulet of regeneration
HPRegen 0.98/turn               k - ring of positive energy
MPRegen 0.11/turn               (no ring)

@: mighty, under a protective aura
A: sickness immunity, AC +5, negative energy resistance 1, electricity
resistance, torment resistance 1, petrification resistance
a: no special abilities


You were on level 6 of the Dungeon.
You visited 1 branch of the dungeon, and saw 6 of its levels.

You collected 369 gold pieces.

Inventory:

Hand Weapons
 a - a +1 flail of protection
 v - a +2 dire flail of protection (weapon)
Missiles
 g - 3 throwing nets (quivered)
Armour
 b - a +0 scale mail (worn)
 c - a +0 buckler
 e - a scarf of resistance (worn)
Jewellery
 h - an amulet of regeneration (around neck)
 k - a ring of positive energy (left hand)
Wands
 q - a wand of charming (6)
 t - a wand of flame (20)
 y - a wand of quicksilver (8)
Scrolls
 r - a scroll of butterflies
 s - 5 scrolls of teleportation
 x - 2 scrolls of identify
Potions
 d - a potion of might
 f - 2 potions of attraction
 i - a potion of mutation {unknown}
 j - 3 potions of brilliance {unknown}
 l - a potion of magic {unknown}
 m - 2 potions of lignification {unknown}
 n - a potion of resistance {unknown}
 o - a potion of heal wounds {unknown}
 p - 2 potions of degeneration {unknown}
 u - a potion of flight {unknown}
 w - a potion of haste {unknown}
 z - a potion of invisibility {unknown}


   Skills:
 * Level 8.5 Fighting
 + Level 5.3 Maces & Flails
 + Level 6.4 Armour
 - Level 5.1 Shields


You had 7 spell levels left.
You didn't know any spells.
Your spell library contained the following spells:

 Spells                   Type           Power      Damage    Failure   Level
 Sting                    Tmut/Pois      0%         1d3       67%         1
 Poisonous Vapours        Pois/Air       0%         N/A       80%         2
 Conjure Flame            Conj/Fire      0%         6-21      95%         3
 Dazzling Flash           Conj/Hex       0%         N/A       95%         3
 Ignite Poison            Fire/Tmut/Pois 0%         N/A       95%         3
 Iskenderun's Mystic Bla  Conj/Tloc      0%         2d3       100%        4
 Olgreb's Toxic Radiance  Pois           0%         N/A       100%        4
 Sticky Flame             Conj/Fire      0%         2d3       100%        4
 Starburst                Conj/Fire      0%         6d3       100%        6


Dungeon Overview and Level Annotations

Branches:
Dungeon (6/15)
 Temple: D:4-7

Altars:
Ashenzari
Xom

Shops:
D:2 ?


Innate Abilities, Weirdness & Mutations

You are immune to sickness and miasma.
Your stone body is resilient. (AC +5)
You are immune to poison.
You resist negative energy. (rN+)
You are resistant to electric shocks. (rElec)
You are resistant to unholy torment.
You are immune to petrification.


Message History

The black bear is severely wounded.
The black bear closely misses you.
The black bear claws you but does no damage. x2
You puncture the black bear!
You kill the black bear!
The orc priest miscasts a cantrip.
You hear some strange, mumbled words.
A puff of flame appears from out of thin air!
The puff of flame hits you but does no damage.
You feel very mighty all of a sudden.
Things that are here:
a +0 short sword; a +0 leather armour; a sedimented blue potion You hit the boulder beetle but do no damage.
The boulder beetle bites you but does no damage.
You barely miss the boulder beetle. The boulder beetle bites you!
You hit the boulder beetle but do no damage.
The boulder beetle barely misses you.
You puncture the boulder beetle!
The boulder beetle is lightly wounded.
The boulder beetle bites you!
You hit the boulder beetle.
The boulder beetle is lightly wounded.
The boulder beetle bites you.
The boulder beetle bites you but does no damage.
You sock the boulder beetle!
The boulder beetle is lightly wounded.
The boulder beetle bites you but does no damage.
You sock the boulder beetle!
The boulder beetle is moderately wounded.
The boulder beetle bites you!
* * * LOW HITPOINT WARNING * * *
You sock the boulder beetle!
The boulder beetle is heavily wounded.
The boulder beetle bites you!
* * * LOW HITPOINT WARNING * * *
You puncture the boulder beetle!
The boulder beetle is severely wounded.
The orc priest invokes the aid of Beogh against you.
Beogh smites you!
You die...

#............)...##
#..#....###.####.##
#..#.#####.))###...
#..#.# #.....#####
#....# ##...## #
##.### ##.## # #.#
#.# # #.# #.# # #@#
#+# #B# #{#


oo# ..# ### .... +.. ...# ### .#..# ### #.. You could see a boulder beetle, an
orc priest and an orc.

Vanquished Creatures
  Grinder (D:5)
  Sigmund (D:5)
  Eustachio (D:4)
  An ice beast (D:5)
  A black bear (D:6)
  A phantom (D:4)
  Blork the orc (D:5)
  A gnoll sergeant (D:5)
  A scorpion (D:5)
  3 wights (D:6)
  4 hounds
  Jessica (D:3)
  An orc wizard (D:3)
  Natasha (thrice) (D:3)
  9 gnolls
  4 adders
  A shadow imp (D:5)
  2 worms
  3 dart slugs
  6 orcs
  10 ball pythons
  8 endoplasms
  2 giant cockroaches
  4 goblins
  6 hobgoblins
  4 jackals (D:5)
  3 quokkas
  8 bats
  6 frilled lizards
  5 kobolds
  4 rats
106 creatures vanquished.

Vanquished Creatures (others)
  4 plants (D:1)
4 creatures vanquished.

Grand Total: 110 creatures vanquished

Notes
Turn   | Place    | Note
-------+----------+-------------------------------------------
     0 | D:1      | vineage the Gargoyle Fighter began the quest for the Orb.
     0 | D:1      | Reached XP level 1. HP: 14/14 MP: 1/1
   325 | D:1      | Reached XP level 2. HP: 11/19 MP: 2/2
   800 | D:1      | Reached XP level 3. HP: 22/24 MP: 3/3
  1424 | D:2      | Found a shimmering altar of Xom.
  1427 | D:2      | Reached skill level 4 in Fighting
  1898 | D:2      | Reached XP level 4. HP: 29/29 MP: 4/4
  2263 | D:2      | Found Ebbippo's Magic Scroll Emporium.
  2305 | D:2      | Found a faded altar of an unknown god.
  2751 | D:3      | Noticed Natasha
  2765 | D:3      | Killed Natasha
  2766 | D:3      | Reached XP level 5. HP: 24/34 MP: 5/5
  2856 | D:3      | Noticed Natasha
  2863 | D:3      | Killed Natasha
  2872 | D:3      | Noticed Jessica
  2878 | D:3      | Killed Jessica
  2879 | D:3      | Reached skill level 5 in Fighting
  2959 | D:3      | Reached XP level 6. HP: 37/40 MP: 6/6
  3045 | D:3      | Noticed Natasha
  3053 | D:3      | Killed Natasha
  3366 | D:4      | Noticed Eustachio
  3382 | D:4      | Killed Eustachio
  3383 | D:4      | Reached skill level 6 in Fighting
  3383 | D:4      | Reached XP level 7. HP: 40/46 MP: 7/7
  3406 | D:4      | Found a broken altar of Ashenzari.
  3916 | D:5      | Entered Level 5 of the Dungeon
  4057 | D:5      | Noticed Blork the orc
  4071 | D:5      | Killed Blork the orc
  4072 | D:5      | Reached skill level 5 in Shields
  4079 | D:5      | Reached skill level 5 in Armour
  4389 | D:5      | Identified the +3 spear "Ytuqyli" {protect, rF++}
  4522 | D:5      | Noticed Grinder
  4530 | D:5      | Paralysed by Grinder for 4 turns
  4541 | D:5      | Killed Grinder
  4542 | D:5      | Reached skill level 7 in Fighting
  4542 | D:5      | Reached XP level 8. HP: 53/53 MP: 8/8
  4878 | D:5      | Noticed Sigmund
  4910 | D:5      | Killed Sigmund
  4986 | D:6      | Reached skill level 5 in Maces & Flails
  5020 | D:6      | Reached skill level 8 in Fighting
  5127 | D:6      | Noticed a boulder beetle
  5146 | D:6      | Killed from afar by an orc priest

Illustrated notes

Levels and vault maps discovered:
D:1:      minmay_arrival_up_and_down, layout_basic, serial_bayou_lagoon_a
D:2:      layout_basic, serial_shops, shop, chequers_ecumenical_altar_lobes,
          basic_altar, wander_ebering_terrifying_dragon_lair
D:3:      layout_rooms, uniq_natasha, uniq_jessica
D:4:      layout_basic, mainiacjoe_overflow_surrounded_room,
          kennysheep_generic_room_8, uniq_eustachio
D:5:      layout_layer_cave, uniq_sigmund, uniq_blork_the_orc, uniq_grinder
D:6:      layout_loops_corners, nicolae_ru_great_annihilating_truth,
          serial_shops, kennysheep_mini, portal_sewer_entry_e, uniq_maggie

Skill      XL: |  1  2  3  4  5  6  7  8 |
---------------+-------------------------+-----
Fighting       | 4 5 6 7 8 |  8.5
Armour         | 4 5 6 |  6.4
Shields        | 4 5 |  5.1
Maces & Flails | 3 4 5 |  5.3

Action                   |  1- 3 |  4- 6 |  7- 9 || total
-------------------------+-------+-------+-------++-------
Melee: Flail             |    90 |   166 |    58 ||   314
       Dire flail        |       |       |   109 ||   109
  Use: Scroll            |     3 |     2 |     4 ||     9
       Potion            |       |       |     1 ||     1
Armor: Scale mail        |    42 |    87 |   112 ||   241
Dodge: Dodged            |    35 |    87 |    73 ||   195
Block: Buckler           |    19 |    42 |    21 ||    82

Table legend: (Time is in decaauts)
 A = Elapsed time spent in this place.
 B = Non-inter-level travel time spent in this place.
 C = Inter-level travel time spent in this place.
 D = Time resting spent in this place.
 E = Time spent auto-exploring this place.
 F = Levels seen in this place.
 G = Mean time per level.
                   A        B        C        D        E       F      G
               +--------+--------+--------+--------+--------+-----+--------+
         Total |   5251 |   5054 |    197 |    237 |   3905 |   6 |  875.2 |
       Dungeon |   5251 |   5054 |    197 |    237 |   3905 |   6 |  875.2 |
               +--------+--------+--------+--------+--------+-----+--------+

Top non-repeatable levels by time:
     D:1: 1398 daAuts
     D:2: 1353 daAuts
     D:5: 1071 daAuts
     D:4: 684 daAuts
     D:3: 570 daAuts
     D:6: 173 daAuts
